 Dungeon Crawl Stone Soup version 0.31.0-32-g396128a36d (webtiles) character file.

Game seed: 12740989865729611411

2187 H0rd4k the Insei (level 9, -1/63 HPs)
             Began as an Octopode Artificer on Apr 19, 2024.
             Was an Initiate of Gozag.
             Slain by a yak (15 damage)
             ... on level 8 of the Dungeon.
             The game lasted 00:08:13 (6660 turns).

H0rd4k the Insei (Octopode Artificer)               Turns: 6660, Time: 00:08:14

Health: -1/63      AC:  1    Str: 12    XL:     9   Next: 33%
Magic:  9/9        EV: 18    Int: 17    God:    Gozag
Gold:   591        SH:  0    Dex: 12    Spells: 8/8 levels left

rFire   x .          .
                       - Unarmed
rCold   + . .        (no shield)
rNeg    . . .        (helmet restricted)
rPois   .            L - amulet of regeneration
rElec   .            C - ring of ice
rCorr   .            q - +5 ring of evasion
SInv    .            (no ring)
Will    .....        (no ring)
Stlth   +++          (no ring)
HPRegen 1.10/turn    (no ring)
MPRegen 0.11/turn    (no ring)
                     (no ring)

%: no passive effects
@: no status effects
A: almost no armour, amphibious, 8 rings, camouflage 1, gelatinous body 1,
(nimble swimmer 1), tentacles
a: Renounce Religion, Potion Petition, Call Merchant, Bribe Branch


You were on level 8 of the Dungeon.
You worshipped Gozag.
Gozag was pleased with you.
You visited 2 branches of the dungeon, and saw 9 of its levels.

You collected 651 gold pieces.
You paid 60 gold pieces to Gozag.

Inventory:

Hand Weapons
 c - a +2 short sword of draining
 g - a +2 dagger of flaming
 i - a +2 short sword of electrocution
 y - a +2 dagger of holy wrath
 I - a +2 dagger of draining
Missiles
 j - 13 poisoned darts
 p - 5 atropa-tipped darts
 z - 5 curare-tipped darts
Magical Staves
 l - a staff of alchemy
Jewellery
 f - a ring of ice
 o - an amulet of faith
 q - a +5 ring of evasion (right tentacle)
 C - a ring of ice (left tentacle)
 H - a ring of fire
 L - an amulet of regeneration (around mantle)
Talismans
 n - a dragon-blood talisman
 D - a blade talisman
Wands
 b - a wand of flame (30) (quivered)
 d - a wand of iceblast (4)
 t - a wand of paralysis (8)
Scrolls
 e - 2 scrolls of teleportation
 k - 3 scrolls of immolation
 r - a scroll of butterflies
 s - 2 scrolls of enchant weapon
 u - a scroll of blinking
 v - a scroll of amnesia
 w - 2 scrolls of fog
 A - a scroll of poison
 B - 4 scrolls of vulnerability
Potions
 a - 2 potions of haste {unknown}
 h - a potion of attraction {unknown}
 m - 2 potions of might {unknown}
 x - 2 potions of degeneration {unknown}
 E - a potion of heal wounds {unknown}
 F - 4 potions of curing {unknown}
 G - a potion of mutation {unknown}
 J - a potion of brilliance {unknown}


   Skills:
 + Level 6.6 Fighting
 - Level 2.3 Dodging
 - Level 1.3 Stealth
 - Level 6.7 Unarmed Combat
 - Level 3.2 Evocations
 * Level 6.7 Shapeshifting


You had 8 spell levels left.
You didn't know any spells.
Your spell library contained the following spells:

 Spells                   Type           Power      Damage    Failure   Level
 Magic Dart               Conj           0%         1d3       24%         1
 Searing Ray              Conj           0%         2d4       34%         2
 Fulminant Prism          Conj/Alch      0%         3d5       93%         4


Dungeon Overview and Level Annotations

Branches:
Dungeon (8/15)             Temple (1/1) D:5
   Lair: D:8-11

Altars:
Ashenzari
Cheibriados
Dithmenos
Elyvilon
Fedhas
Gozag
Hepliaklqana
Kikubaaqudgha
Makhleb
Nemelex Xobeh
Okawaru
Qazlal
Ru
Sif Muna
Trog
Uskayaw
Vehumet
Wu Jian
Xom
Yredelemnul
Zin
The Shining One

Shops:
D:3 *   D:6 *   D:7 :*

Annotations:
D:4 exclusion: downstairs
D:8 Jeremiah, Joseph, Maggie


Innate Abilities, Weirdness & Mutations

You cannot wear most types of armour.
You are amphibious.
You can wear up to eight rings at the same time.
Your skin changes colour to match your surroundings (Stealth+).
Your rubbery body absorbs attacks. (AC +1, EV +1)
((You are camouflaged when in or above water. (Stealth+)))
You have tentacles for arms and can constrict up to eight enemies at once.


Message History

You bludgeon the yak! Your squeeze misses the yak.
The yak is moderately wounded.
The yak gores you!
You closely miss the yak. You squeeze the yak.
The yak is moderately wounded.
The yak gores you.
You tentacle-slap the yak but do no damage.
Your tentacle-slap misses the yak.
You squeeze the yak, but do no damage.
The yak is moderately wounded.
The yak barely misses you.
You tentacle-slap the yak. You squeeze the yak.
The yak is heavily wounded.
You closely miss the yak. Your squeeze misses the yak.
The yak is heavily wounded.
The yak gores you!
You bludgeon the yak!
The yak is severely wounded.
The yak closely misses you.
You tentacle-slap the yak.
The yak is severely wounded.
The yak gores you!
You tentacle-slap the yak.
The yak is severely wounded.
The yak gores you!
* * * LOW HITPOINT WARNING * * *
Aiming: Paralyse
Press: ? - help, Shift-Dir - straight line, f - yak
Aim: a yak (severely wounded, chance to affect: 57%)
The yak resists with significant effort.
The yak misses you.
A centaur comes into view.
Unknown command.
Aiming: Paralyse
Press: ? - help, Shift-Dir - straight line, f/p - yak
Aim: a yak (severely wounded, chance to affect: 57%)
The yak resists with significant effort.
The centaur shouts!
The yak gores you!
You die...
Your body crumbles into a pile of gold.

#..#
#.....#...##....
#..#
.........#.....
#.##
.#####c........
#.# #....#....
..# ##........
... #.##.....
#Y# #...# #Y#
##.. #@# .. #.#
#.# ... ...
..... .....
#######


You could see 2 yaks and a centaur.

Vanquished Creatures
  A hornet (D:7)
  A water moccasin (D:5)
  An ice beast (D:6)
  3 black bears
  2 ogres
  Blork the orc (D:6)
  2 bullfrogs (D:7)
  2 scorpions
  2 wights (D:7)
  2 jellies
  2 orc priests (D:7)
  A bombardier beetle (D:5)
  A hound (D:6)
  4 iguanas
  5 orc wizards
  A sleepcap (D:5)
  5 gnolls
  12 adders
  2 white imps (D:6)
  4 ufetubi (D:5)
  5 dart slugs
  2 ribbon worms (D:2)
  24 orcs
  4 bats
  9 endoplasms
  2 giant cockroaches (D:1)
  4 goblins
  5 hobgoblins
  8 jackals
  8 kobolds
  2 quokkas
  14 ball pythons
  3 frilled lizards
  4 rats
148 creatures vanquished.

Vanquished Creatures (collateral kills)
  An ice beast (D:6)
  A wight (D:7)
2 creatures vanquished.

Vanquished Creatures (others)
  A yak (D:8)
  Duvessa (D:7)
  Dowan (D:6)
3 creatures vanquished.

Grand Total: 153 creatures vanquished

Notes
Turn   | Place    | Note
-------+----------+-------------------------------------------
     0 | D:1      | H0rd4k the Octopode Artificer began the quest for the Orb.
     0 | D:1      | Reached XP level 1. HP: 13/13 MP: 1/1
    89 | D:1      | Reached skill level 1 in Unarmed Combat
   127 | D:1      | Reached XP level 2. HP: 18/18 MP: 2/2
   392 | D:1      | Reached XP level 3. HP: 21/23 MP: 3/3
  1042 | D:2      | Reached XP level 4. HP: 7/28 MP: 4/4
  1845 | D:3      | Reached XP level 5. HP: 21/34 MP: 5/5
  2096 | D:3      | Found Vompek's Assorted Antiques.
  2533 | D:4      | Noticed an ogre
  2541 | D:4      | Killed an ogre
  2542 | D:4      | Reached skill level 5 in Unarmed Combat
  2542 | D:4      | Reached XP level 6. HP: 6/39 MP: 6/6
  3464 | D:5      | Entered Level 5 of the Dungeon
  3524 | D:5      | Reached XP level 7. HP: 22/45 MP: 7/7
  3848 | D:5      | Reached skill level 1 in Shapeshifting
  4122 | D:5      | Found a staircase to the Ecumenical Temple.
  4246 | Temple   | Entered the Ecumenical Temple
  4259 | Temple   | Became a worshipper of Gozag Ym Sagoz the Greedy
  4472 | D:6      | Reached XP level 8. HP: 41/53 MP: 8/8
  4583 | D:6      | Found a white marble altar of Elyvilon.
  4605 | D:6      | Noticed Blork the orc
  4616 | D:6      | Killed Blork the orc
  4703 | D:6      | Noticed Duvessa
  4703 | D:6      | Noticed Dowan
  4708 | D:6      | Your ally Dowan died
  4749 | D:7      | Your ally Duvessa died
  5018 | D:7      | Reached skill level 5 in Shapeshifting
  5028 | D:7      | Reached skill level 5 in Fighting
  5281 | D:6      | Found Fuipleas's Lightly-Used Armoury.
  5400 | D:6      | Reached XP level 9. HP: 53/62 MP: 9/9
  5976 | D:7      | Noticed a hornet
  5984 | D:7      | Killed a hornet
  6015 | D:7      | Found Poull's Mayhem Merchandise.
  6023 | D:7      | Found Moricluo's Book Shoppe.
  6273 | D:7      | Found a glowing silver altar of Zin.
  6273 | D:7      | Noticed an angel
  6470 | D:7      | Found a sparkling altar of Nemelex Xobeh.
  6470 | D:7      | Found a shimmering altar of Xom.
  6474 | D:7      | Found an iron altar of Okawaru.
  6525 | D:8      | Noticed Jeremiah
  6534 | D:8      | Noticed Joseph
  6536 | D:8      | Found a basalt altar of Yredelemnul.
  6541 | D:8      | HP: 3/63 [Joseph/sling bullet (3)]
  6542 | D:8      | Noticed Maggie
  6660 | D:8      | Slain by a yak

Illustrated notes

Levels and vault maps discovered:
D:1:      minmay_arrival_semitransparent, layout_basic
D:2:      layout_basic, minivault_5, minivault_23, cheibrodos_gnoll_hut
D:3:      layout_loops_cross, serial_shops, nicolae_lakefront_shop,
          saegor_snake_ambush
D:4:      layout_loops_cross
D:5:      layout_cave_pools, minmay_temple_entry_waves
D:6:      layout_loops_corners, mainiacjoe_overflow_paths, minmay_shop_damaged,
          uniq_blork_the_orc, uniq_duvessa
D:7:      layout_rooms, minitemple, zin_angel, serial_shops,
          nicolae_shop_hallway_plus, minivault_23, minmay_shop_mayhem,
          serial_library_hellmonk_hallway_a
D:8:      layout_rooms, overflow_temple_1_default, uniq_joseph, uniq_jeremiah,
          uniq_maggie
Temple:   nicolae_temple_superstar

Skill      XL: |  1  2  3  4  5  6  7  8  9 |
---------------+----------------------------+-----
Unarmed Combat | 1 2 3 4 5 6 |  6.7
Fighting       | 2 3 5 6 |  6.6
Shapeshifting  | 3 5 6 |  6.7
Dodging        | |  2.3
Stealth        | |  1.3
Evocations     | |  3.2

Action                     |  1- 3 |  4- 6 |  7- 9 || total
---------------------------+-------+-------+-------++-------
  Melee: Unarmed           |    84 |   145 |   182 ||   411
         Constrict         |    22 |    27 |    37 ||    86
         Tentacles         |    19 |    24 |    41 ||    84
         Punch             |     3 |     8 |    11 ||    22
  Evoke: Wand              |       |       |    29 ||    29
    Use: Scroll            |       |       |    13 ||    13
   Stab: Sleeping          |    12 |    17 |     2 ||    31
         Distracted        |     1 |       |       ||     1
         Paralysed         |       |       |     5 ||     5
 Armour: Skin              |    28 |    40 |    86 ||   154
  Dodge: Dodged            |    47 |    90 |   155 ||   292
